 Dungeon Crawl Stone Soup version 0.21.1-1-g345015fe64 (webtiles) character file.

3695 Lusmu the Spear-Bearer (level 9, -3/79 HPs)
             Began as a Centaur Warper on Apr 21, 2018.
             Was a Follower of Qazlal.
             Slain by DarkMoon's ghost (6 damage)
             ... on level 7 of the Dungeon.
             The game lasted 01:02:38 (14957 turns).

Lusmu the Spear-Bearer (Centaur Warper)            Turns: 14957, Time: 01:02:39

Health: -3/79      AC:  7    Str: 14    XL:     9   Next: 90%
Magic:  13/13      EV:  9    Int: 14    God:    Qazlal [*.....]
Gold:   160        SH:  2    Dex: 12    Spells: 12/14 levels left

rFire    . . .     SeeInvis .   a - +0 spear
rCold    . . .     Gourm    +   (no shield)
rNeg     . . .     Faith    .   b - +1 leather armour
rPois    +         Spirit   .   e - +1 hat
rElec    .         Reflect  .   (no cloak)
rCorr    .         Harm     .   z - +0 pair of gloves
MR       +....     Clarity  +   (no barding)
Stlth    +.........             k - amulet of the gourmand
HPRegen  0.23/turn              u - ring of poison resistance
MPRegen  0.13/turn              q - ring of protection from magic

@: lethally poisoned (-3 -> -4), drained, very quick
A: large, antennae 1, hooves 3, blink, clarity, clever 1, deformed body, speed
2, tough skin 3, wild magic 1
a: Blink, Renounce Religion


You were on level 7 of the Dungeon.
You worshipped Qazlal.
Qazlal was aware of your devotion.
You were very full.

You visited 2 branches of the dungeon, and saw 9 of its levels.

You collected 402 gold pieces.
You spent 242 gold pieces at shops.

Inventory:

Hand Weapons
 a - a +0 spear (weapon)
Missiles
 l - 87 arrows
 y - 5 tomahawks (quivered)
 A - 4 needles of sleeping
 B - 87 bolts
Armour
 b - a +1 leather armour (worn)
 e - a +1 hat (worn)
 p - a cursed -1 scale mail
 z - a +0 pair of gloves (worn)
Jewellery
 k - an amulet of the gourmand (around neck)
 m - an uncursed ring of resist corrosion
 q - a ring of protection from magic (right hand)
 u - a ring of poison resistance (left hand)
 w - an uncursed ring of protection from cold
 I - an uncursed ring of protection from magic
Wands
 o - a wand of digging (7)
Scrolls
 d - 2 scrolls of blinking
 g - a scroll of fog
 h - 4 scrolls of remove curse
 j - 4 scrolls of enchant armour
 n - 6 scrolls of teleportation
 E - a scroll of brand weapon {unknown}
 G - a scroll of immolation {unknown}
Potions
 i - a potion of lignification
 t - a potion of might {unknown}
 x - a potion of invisibility
 C - 5 potions of curing
 K - a potion of haste
Books
 c - a book of Spatial Translocations

   Spells                             Type                      Level
   a - Blink                          Translocation                2
   b - Shroud of Golubria             Charms/Translocation         2
   c - Lesser Beckoning               Translocation                3
   d - Gell's Gravitas                Translocation                3
   e - Teleport Other                 Translocation                3
   f - Passage of Golubria            Translocation                4
 v - a book of Cantrips

   Spells                             Type                      Level
   a - Confusing Touch                Hexes                        1
   b - Animate Skeleton               Necromancy                   1
   c - Summon Small Mammal            Summoning                    1
   d - Apportation                    Translocation                1
 J - a book of Misfortune

   Spells                             Type                      Level
   a - Confusing Touch                Hexes                        1
   b - Confuse                        Hexes                        3
   c - Gell's Gravitas                Translocation                3
   d - Petrify                        Transmutation/Earth          4
   e - Metabolic Englaciation         Hexes/Ice                    5
   f - Yara's Violent Unravelling     Hexes/Transmutation          5
Comestibles
 f - 11 rations


   Skills:
 - Level 7.0(6.1) Fighting
 - Level 8.0(7.1) Polearms
 - Level 1.1(0.4) Throwing
 + Level 1.7(1.0) Armour
 + Level 2.2(1.4) Dodging
 - Level 3.0(2.2) Spellcasting
 - Level 7.1(6.3) Translocations
 + Level 2.3(1.6) Invocations
 + Level 1.8(1.1) Evocations


You had 12 spell levels left.
You knew the following spells:

 Your Spells              Type           Power        Failure   Level  Hunger
a - Blink                 Tloc           N/A          5%          2    ###....


Dungeon Overview and Level Annotations

Branches:
Dungeon (8/15)             Temple (1/1) D:6
   Lair: D:8-11

Altars:
Ashenzari
Cheibriados
Dithmenos
Elyvilon
Fedhas
Gozag
Hepliaklqana
Kikubaaqudgha
Makhleb
Nemelex Xobeh
Okawaru
Qazlal
Ru
Sif Muna
Trog
Uskayaw
Vehumet
Wu Jian
Xom
Yredelemnul
Zin
The Shining One

Shops:
D:6 *([:=

Annotations:
D:3 exclusion: oklob plant
D:5 Grinder
D:7 DarkMoon's ghost, novice DrTm


Innate Abilities, Weirdness & Mutations

You have hooves in place of feet.
Armour fits poorly on your strangely shaped body.
You cover ground very quickly.
You have extremely tough skin. (AC +3)
You have a pair of small antennae on your head.
You can translocate small distances at will.
You possess an exceptional clarity of mind.
Your mind is acute. (Int +2)
Your spells are a little harder to cast, but a little more powerful.


Message History

* * * LOW HITPOINT WARNING * * *
The worker ant bites you.
* * * LOW HITPOINT WARNING * * *
You are poisoned.
The worker ant poisons you! The orc hits you with a trident.
* * * LOW HITPOINT WARNING * * *
You feel sick.
You feel sick.
You feel sick.
There is an open door here.
You feel sick.
There is an open door here.
Things that are here:
a plate armour; a halberd
There is a stone staircase leading up, spattered with blood here.
You feel sick.
You climb upwards.
Level annotation: DarkMoon's ghost, novice DrTm DarkMoon's ghost hits you.
You die...

..###.......## ##.##..#
#.#. ### #......##
####.## #.## ##
#.#...######## #W# #.#
.# #.##.........## #.#
#.# ## #.##........<.#
#.# ##.##
########...#####..# #.#
#<).#
....####...#####.(###.#
#....
...#.#.....##....)....#
#...#
..#..#....().(##@[#####
#####
.#...##....#####.W#
#....###..........#
#....# #.#........#
.#...# #.##########
..#..# #.# ...#.# #.#
....## #.# ....# #.#
########


You could see DarkMoon's ghost.

Vanquished Creatures
  Pikel (D:6)
  Joseph (D:7)
  Prince Ribbit (D:5)
  Sigmund (D:5)
  Menkaure (D:5)
  An ice beast (D:7)
  4 slaves (D:6)
  3 orc warriors
  2 phantoms
  3 ogres
  A big kobold (D:7)
  A gnoll sergeant (D:8)
  2 wights (D:7)
  4 howler monkeys
  3 crimson imps (D:8)
  2 centaur zombies
  A quasit (D:6)
  8 hounds
  2 orc priests
  4 orc wizards
  A gnoll shaman (D:6)
  4 worker ants
  5 iguanas
  A hound skeleton (D:4)
  A worker ant zombie (D:8)
  7 gnolls
  10 adders
  2 shadow imps
  An ooze (D:1)
  An adder zombie (D:5)
  3 adder skeletons
  3 worms
  3 dart slugs (D:1)
  8 leopard geckos
  26 orcs
  4 giant cockroaches
  9 goblins
  13 hobgoblins
  10 jackals
  20 kobolds
  6 quokkas
  2 ball pythons
  A ball python zombie (D:5)
  10 bats
  3 frilled lizards
  A jackal skeleton (D:5)
  A quokka skeleton (D:4)
  7 rats
209 creatures vanquished.

Vanquished Creatures (others)
  11 toadstools (D:3)
11 creatures vanquished.

Grand Total: 220 creatures vanquished

Notes
Turn   | Place    | Note
-------+----------+-------------------------------------------
     0 | D:1      | Lusmu the Centaur Warper began the quest for the Orb.
     0 | D:1      | Reached XP level 1. HP: 17/17 MP: 3/3
   105 | D:1      | Reached XP level 2. HP: 16/25 MP: 4/4
   494 | D:1      | Reached XP level 3. HP: 27/31 MP: 6/6
   523 | D:1      | Learned a level 2 spell: Blink
  1080 | D:2      | Reached XP level 4. HP: 21/38 MP: 7/7
  1320 | D:2      | Found an opulent altar of Gozag.
  1323 | D:2      | Found a deep blue altar of Sif Muna.
  1323 | D:2      | Found a snail-covered altar of Cheibriados.
  1323 | D:2      | Found a shadowy altar of Dithmenos.
  1324 | D:2      | Found a hazy altar of Hepliaklqana.
  1325 | D:2      | Found a hide-covered altar of Uskayaw.
  1341 | D:2      | Found a basalt altar of Yredelemnul.
  1764 | D:2      | Reached skill level 2 in Polearms
  2466 | D:3      | Found a shimmering altar of Xom.
  2479 | D:3      | Found a sparkling altar of Nemelex Xobeh.
  2691 | D:3      | Noticed an ogre
  2695 | D:3      | Killed an ogre
  2695 | D:3      | Reached XP level 5. HP: 46/46 MP: 7/9
  3392 | D:3      | Found a blossoming altar of Fedhas.
  3468 | D:3      | Noticed an oklob plant
  3848 | D:4      | Reached XP level 6. HP: 46/52 MP: 10/10
  4432 | D:4      | Reached skill level 3 in Polearms
  5007 | D:4      | Reached XP level 7. HP: 52/60 MP: 11/11
  5476 | D:5      | Entered Level 5 of the Dungeon
  5559 | D:5      | Noticed Sigmund
  5563 | D:5      | Killed Sigmund
  5563 | D:5      | Reached skill level 5 in Fighting
  5613 | D:5      | Noticed Prince Ribbit
  5884 | D:5      | Reached skill level 4 in Polearms
  5896 | D:5      | Found a hazy altar of Hepliaklqana.
  5999 | D:5      | Noticed Menkaure
  6002 | D:5      | Noticed Grinder
  6031 | D:5      | Killed Prince Ribbit
  6031 | D:5      | Reached skill level 5 in Translocations
  6495 | D:5      | Found an iron altar of Okawaru.
  6595 | D:5      | Killed Menkaure
  6595 | D:5      | Reached XP level 8. HP: 61/68 MP: 12/12
  7006 | D:6      | Reached skill level 5 in Polearms
  7779 | D:6      | Gained mutation: Scrolls take you a little longer to read. [potion of mutation]
  7779 | D:6      | Gained mutation: You can translocate small distances at will. [potion of mutation]
  7779 | D:6      | Gained mutation: You possess an exceptional clarity of mind. [potion of mutation]
  7835 | D:6      | Noticed Pikel
  7856 | D:6      | Found a burning altar of Makhleb.
  7911 | D:6      | HP: 1/68 [slave[Pikel] (9)]
  8649 | D:6      | Found Jootof's General Store.
  8654 | D:6      | Bought 2 potions of curing for 66 gold pieces
  8654 | D:6      | Bought a potion of mutation for 88 gold pieces
  8654 | D:6      | Bought a potion of mutation for 88 gold pieces
  8662 | D:6      | Lost mutation: Scrolls take you a little longer to read. [potion of mutation]
  8662 | D:6      | Lost mutation: You possess an exceptional clarity of mind. [potion of mutation]
  8662 | D:6      | Gained mutation: Scrolls take you a little longer to read. [potion of mutation]
  8662 | D:6      | Gained mutation: You do not regenerate when monsters are visible. [potion of mutation]
  8662 | D:6      | Gained mutation: Your spells are a little harder to cast, but a little more powerful. [potion of mutation]
  8663 | D:6      | Lost mutation: Scrolls take you a little longer to read. [potion of mutation]
  8663 | D:6      | Lost mutation: You do not regenerate when monsters are visible. [potion of mutation]
  8663 | D:6      | Gained mutation: You are dopey. (Int -2) [potion of mutation]
  8663 | D:6      | Gained mutation: You passively map a small area around you. [potion of mutation]
  9178 | D:6      | Killed Pikel
  9178 | D:6      | Reached skill level 6 in Polearms
  9652 | D:6      | Found Aniam's Armour Boutique.
  9654 | D:6      | Found Yhiogobe's Weapon Boutique.
  9655 | D:6      | Found Titirug's Book Boutique.
  9657 | D:6      | Found Duedeg's Jewellery Boutique.
  9731 | D:6      | Found a staircase to the Ecumenical Temple.
  9737 | Temple   | Entered the Ecumenical Temple
  9908 | Temple   | Became a worshipper of Qazlal Stormbringer
 10136 | D:7      | Reached XP level 9. HP: 44/74 MP: 13/13
 10660 | D:7      | Reached skill level 7 in Polearms
 10850 | D:7      | Noticed DarkMoon's ghost (novice DrTm)
 10953 | D:7      | Found a bloodstained altar of Trog.
 11224 | D:6      | Lost mutation: You are dopey. (Int -2) [potion of mutation]
 11224 | D:6      | Lost mutation: You passively map a small area around you. [potion of mutation]
 11224 | D:6      | Gained mutation: Your mind is acute. (Int +2) [potion of mutation]
 11224 | D:6      | Gained mutation: You have a pair of small antennae on your head. [potion of mutation]
 11224 | D:6      | Gained mutation: You possess an exceptional clarity of mind. [potion of mutation]
 11518 | D:7      | Noticed Joseph
 11538 | D:7      | Killed Joseph
 11989 | D:7      | Found a blossoming altar of Fedhas.
 12478 | D:7      | HP: 3/78 [DarkMoon's ghost (12)]
 12904 | D:8      | Found a flagged portal.
 12951 | D:8      | Reached * piety under Qazlal
 12999 | D:8      | Reached skill level 8 in Polearms
 14161 | D:8      | Reached skill level 1 in Armour
 14161 | D:8      | Reached skill level 1 in Invocations
 14188 | D:8      | Reached skill level 1 in Evocations
 14942 | D:8      | HP: 3/79 [poisoned by a worker ant]
 14950 | D:8      | HP: 3/79 [poisoned by a worker ant]
 14956 | D:8      | HP: 3/79 [poisoned by a worker ant]
 14957 | D:7      | Slain by DarkMoon's ghost

Skill      XL: |  1  2  3  4  5  6  7  8  9 |
---------------+----------------------------+-----
Spellcasting   | 2 3 |  3.0
Fighting       | 3 4 5 7 |  7.0
Translocations | 3 4 5 7 |  7.1
Polearms       | 2 3 4 6 8 |  8.0
Armour         | 1 |  1.7
Invocations    | 2 |  2.3
Evocations     | 1 |  1.8
Dodging        | 2 |  2.2
Throwing       | |  1.1

Action                   |  1- 3 |  4- 6 |  7- 9 || total
-------------------------+-------+-------+-------++-------
Melee: Spear             |   154 |   295 |   818 ||  1267
       Kick              |    24 |    42 |   196 ||   262
Throw: Tomahawk          |       |     2 |     5 ||     7
 Cast: Blink             |       |       |     2 ||     2
Evoke: Wand              |       |     8 |    27 ||    35
  Use: Scroll            |     5 |     3 |     9 ||    17
       Potion            |       |       |     8 ||     8
 Stab: Paralysed         |       |       |    15 ||    15
       Confused          |       |       |     2 ||     2
  Eat: Chunk             |       |    11 |    35 ||    46
       Ration            |       |       |     1 ||     1
Armor: Leather armour    |    62 |   123 |   225 ||   410
Dodge: Dodged            |    80 |   145 |   301 ||   526
Block: Other             |       |       |    16 ||    16
